 Dungeon Crawl Stone Soup version 0.24.0-13-gcf9b319 (webtiles) character file.

Game seed: 14971922593500470986, levelgen mode: deterministic

114 Fang the Skirmisher (level 4, -7/29 HPs)
             Began as a Gargoyle Berserker on Nov 13, 2019.
             Was a Believer of Trog.
             Mangled by a wraith (10 damage)
             ... on level 3 of the Dungeon.
             The game lasted 00:02:46 (2961 turns).

Fang the Skirmisher (Gargoyle Berserker)            Turns: 2961, Time: 00:02:46

Health: -7/29      AC:  5    Str: 21    XL:     4   Next: 97%
Magic:  4/4        EV: 12    Int:  8    God:    Trog [**....]
Gold:   78         SH:  0    Dex:  9    Spells: 3/3 levels left

rFire    . . .     SeeInvis .   a - +0 hand axe
rCold    . . .     Gourm    .   (no shield)
rNeg     + . .     Faith    .   b - +0 animal skin
rPois    ∞         Spirit   .   (no helmet)
rElec    +         Reflect  .   (no cloak)
rCorr    .         Harm     .   (no gloves)
MR       ++...                  (no boots)
Stlth    +.........             (no amulet)
HPRegen  1.09/turn              (no ring)
MPRegen  0.09/turn              (no ring)

@: regenerating, slowed, very slow
A: negative energy resistance 1, electricity resistance, unbreathing,
petrification resistance, rot immunity, AC +3
a: Berserk, Trog's Hand, Renounce Religion


You were on level 3 of the Dungeon.
You worshipped Trog.
Trog was pleased with you.
You were not hungry.

You visited 1 branch of the dungeon, and saw 3 of its levels.

You collected 78 gold pieces.

Inventory:

Hand Weapons
 a - a +0 hand axe (weapon)
Armour
 b - a +0 animal skin (worn)
Scrolls
 d - 2 scrolls of fog {unknown}
 e - 2 scrolls of random uselessness {unknown}
 g - a scroll of teleportation {unknown}
 h - 5 scrolls of identify {unknown}
 l - 2 scrolls of remove curse {unknown}
 o - a scroll of immolation {unknown}
Potions
 f - a potion of magic {unknown}
 i - 3 potions of degeneration {unknown}
 j - a potion of flight {unknown}
 k - a potion of lignification {unknown}
 m - a potion of heal wounds {unknown}
 n - 2 potions of resistance {unknown}
 q - a potion of brilliance {unknown}
 r - a potion of cancellation {unknown}
 t - a potion of curing {unknown}
Comestibles
 c - 3 rations
 p - 13 chunks of flesh


   Skills:
 + Level 4.1 Fighting
 + Level 3.4 Axes
 + Level 3.2 Armour
 + Level 2.4 Dodging


You had 3 spell levels left.
You didn't know any spells.
Your spell library was empty.

Dungeon Overview and Level Annotations

Branches:
Dungeon (3/15)

Altars:
Dithmenos
Elyvilon
Nemelex Xobeh
Uskayaw

Annotations:
D:3 1 transporter


Innate Abilities, Weirdness & Mutations

You are resistant to torment.
Your stone body is resilient. (AC +3)
You are immune to poison.
You resist negative energy. (rN+)
You are resistant to electric shocks. (rElec)
You can survive without breathing.
You are immune to petrification.
You are immune to rotting.


Message History

No reachable target in view!
No reachable target in view!
No reachable target in view!
No reachable target in view!
There is a transporter here.
You enter the transporter and appear at another place.
The wraith barely misses you. The adder bites you but does no damage.
The adder misses you. The wraith hits you! The wraith drains your vigour!
You feel yourself slow down. The wraith misses you.
The adder closely misses you. The adder bites you. The wraith hits you!
* * * LOW HITPOINT WARNING * * *
The wraith drains your vigour!
You feel as though you will be slow longer.
Your skin crawls.
You feel resistant to hostile enchantments.
You feel somewhat more hungry. The adder bites you but does no damage.
The adder barely misses you. The adder bites you but does no damage.
The wraith hits you!
You die...

#.#.##.## # ...
..#.##..##.# #...
##.#.###.##.# #.S# #.#.#
#.##.#####..## #
#.#.###............## .#
#........#########..##.#
#..#....##...©...##)...#
#.###.#8..#.#.?8#..## #
##.#$)#..@#..#...#
##..#_$..SSW.)#...#
#####..©#_$..(.©..#©..#
..$.....#_$.......#..##
#######.#$[#...#..#.##
#.#8..#.#..8#.#
#.##......(##.#
#..#########..#
#.............#


You could see a wraith and 3 adders.

Vanquished Creatures
  4 adders
  3 oozes
  4 worms
  2 dart slugs
  A leopard gecko (D:3)
  5 orcs (D:3)
  5 goblins
  6 hobgoblins
  4 jackals (D:1)
  3 kobolds
  A quokka (D:2)
  7 rats
45 creatures vanquished.

Notes
Turn   | Place    | Note
-------+----------+-------------------------------------------
     0 | D:1      | Fang the Gargoyle Berserker began the quest for the Orb.
     0 | D:1      | Reached XP level 1. HP: 14/14 MP: 1/1
    88 | D:1      | Reached XP level 2. HP: 8/19 MP: 2/2
   574 | D:1      | Reached XP level 3. HP: 22/23 MP: 3/3
  1460 | D:2      | Found a faded altar of an unknown god.
  1755 | D:2      | Reached XP level 4. HP: 25/29 MP: 4/4
  1870 | D:2      | Found a sparkling altar of Nemelex Xobeh.
  2846 | D:3      | Reached skill level 4 in Fighting
  2892 | D:3      | Reached ** piety under Trog
  2910 | D:3      | Found a hide-covered altar of Uskayaw.
  2910 | D:3      | Noticed a wraith
  2911 | D:3      | Found a transporter.
  2911 | D:3      | Found a white marble altar of Elyvilon.
  2912 | D:3      | Found a shadowy altar of Dithmenos.
  2930 | D:3      | Found a transporter.
  2960 | D:3      | HP: 1/29 [wraith (12)]
  2961 | D:3      | Mangled by a wraith

Levels and vault maps discovered:
D:1:      psy_arrival_fountain, layout_basic, minmay_split_cup_large
D:2:      layout_basic, nemelex_xobeh_ov_fountains_minmay,
          chequers_ecumenical_altar_island
D:3:      layout_loops_ring, nicolae_overflow_quartered_altars,
          gammafunk_temple_overflow_arena, old_standard_altar, first_ration,
          kennysheep_big_empty_room

Skill      XL: |  1  2  3  4 |
---------------+-------------+-----
Axes           | 3 |  3.4
Dodging        | 2 |  2.4
Armour         | 3 |  3.2
Fighting       | 4 |  4.1

Action                   |  1- 3 |  4- 6 || total
-------------------------+-------+-------++-------
Melee: Hand axe          |    72 |    72 ||   144
Invok: Berserk           |     3 |     1 ||     4
       Trog's Hand       |       |     1 ||     1
  Eat: Chunk             |     5 |     5 ||    10
Armor: Animal skin       |    34 |    21 ||    55
Dodge: Dodged            |    45 |    47 ||    92
